 Dungeon Crawl Stone Soup version 0.27-a0-1548-gf8a67e7463 (webtiles) character file.

Game seed: 13142008390210078296

18444 robertstho the Severer (level 12, -4/115 HPs)
             Began as a Minotaur Berserker on July 13, 2021.
             Was a High Priest of Trog.
             Shot with an arrow by Nessos (7 damage)
             ... on level 2 of the Orcish Mines.
             The game lasted 00:15:34 (8850 turns).

robertstho the Severer (Minotaur Berserker)         Turns: 8850, Time: 00:15:35

Health: -4/115     AC: 14    Str: 32    XL:     12   Next: 27%
Magic:  11/11      EV: 15    Int:  5    God:    Trog [*****.]
Gold:   543        SH:  5    Dex: 10    Spells: 11/11 levels left

rFire    . . .     SeeInvis .   x - +8 frozen axe "Frostbite" {freezing cloud, *Noise Fly rC+}
rCold    + . .     Faith    .   (shield currently unavailable)
rNeg     . . .     Spirit   .   D - +0 chain mail
rPois    .         Reflect  +   (helmet restricted)
rElec    .         Harm     .   (no cloak)
rCorr    .         Rampage  .   (no gloves)
Will     ++...                  a - +1 pair of boots of the Unbroken {Slay+3}
Stlth    ..........             O - amulet of reflection
HPRegen  1.29/turn              o - +6 ring of strength
MPRegen  0.12/turn              v - +4 ring of evasion

@: strong-willed, flying, regenerating
A: horns 2, retaliatory headbutt
a: Renounce Religion, Berserk, Trog's Hand, Brothers in Arms


You were on level 2 of the Orcish Mines.
You worshipped Trog.
Trog was extremely pleased with you.
You visited 2 branches of the dungeon, and saw 13 of its levels.

You collected 1068 gold pieces.
You spent 525 gold pieces at shops.

Inventory:

Hand Weapons
 w - the +6 battleaxe "Puarach" {holy, rElec Str+5}
   (You acquired it on level 5 of the Dungeon)

   It has been blessed by the Shining One to cause great damage to the undead
   and demons.
   Str:       It affects your strength (+5).
   rElec:     It insulates you from electricity.
 x - the +8 frozen axe "Frostbite" (weapon) {freezing cloud, *Noise Fly rC+}
   (You acquired it on level 5 of the Dungeon)

   It has been specially enchanted to freeze those struck by it, causing extra
   injury to most foes and up to half again as much damage against particularly
   susceptible opponents.
   It can also slow down cold-blooded creatures.
   rC:        It protects you from cold.
   Fly:       It grants you flight.
   *Noise:    It may make noises in combat.
 y - a +0 scimitar of flaming
 M - a +1 vorpal broad axe
Missiles
 r - 2 throwing nets (quivered)
 K - 2 curare-tipped darts
Armour
 a - the +1 pair of boots of the Unbroken (worn) {Slay+3}
   (You acquired it on level 5 of the Dungeon)

   Slay:      It affects your accuracy & damage with ranged weapons and melee
   (+3).
 D - a +0 chain mail (worn)
 H - +0 acid dragon scales
Jewellery
 d - an amulet of regeneration
 i - a ring of protection from cold
 j - an amulet of guardian spirit
 o - a +6 ring of strength (left hand)
 v - a +4 ring of evasion (right hand)
 A - a ring of ice
 F - a ring of ice
 O - an amulet of reflection (around neck)
Wands
 b - a wand of flame (1)
 l - a wand of digging (3)
 I - a wand of acid (6)
 N - a wand of iceblast (7)
Scrolls
 f - 6 scrolls of teleportation
 h - a scroll of magic mapping
 k - a scroll of summoning
 p - 5 scrolls of immolation
 t - 2 scrolls of fog
 u - a scroll of enchant weapon
 C - 3 scrolls of enchant armour
Potions
 c - 5 potions of curing
 e - a potion of cancellation {unknown}
 g - a potion of might
 m - a potion of magic {unknown}
 n - 2 potions of flight
 q - 2 potions of attraction
 s - a potion of invisibility {unknown}
 z - 2 potions of brilliance {unknown}
 B - 3 potions of lignification {unknown}
 E - 2 potions of heal wounds {unknown}
 G - 5 potions of ambrosia
 J - a potion of degeneration {unknown}
 L - a potion of mutation


   Skills:
 * Level 13.1 Fighting
 + Level 15.5 Axes
 * Level 11.1 Armour
 + Level 5.7 Dodging
 + Level 2.6 Stealth


You had 11 spell levels left.
You didn't know any spells.
Your spell library was empty.

Dungeon Overview and Level Annotations

Branches:
Dungeon (11/15)            Temple (0/1) D:5            Lair (0/6) D:9
    Orc (2/2) D:9
    Elf: Orc:2

Altars:
Fedhas
Makhleb
Qazlal
Vehumet
Wu Jian
Xom
Lugonu

Shops:
D:5 =?=   D:6 *

Portals:
Abyss: D:4

Annotations:
D:4 2 runed translucent doors
D:5 3 runed translucent doors, Exaltedone87's ghost, novice PaFi
D:7 1 runed translucent door
Orc:2 Nessos


Innate Abilities, Weirdness & Mutations

You have a pair of horns on your head.
You reflexively headbutt those who attack you in melee.


Message History

Beogh smites you!
* * * LOW HITPOINT WARNING * * *
You feel better.
Your deep troll barely misses the orc.
Your deep troll claws the orc!
The orc dies!
Trog accepts your kill.
The orc priest hits your deep troll with a +0 dagger.
An orc and Nessos come into view.
Nessos shouts!
The orc hits your deep troll with a +0 dagger of speed.
Your deep troll closely misses the orc priest.
Your deep troll barely misses the orc priest.
Your deep troll claws the orc priest!
Nessos blinks!
The orc throws a boomerang.
The boomerang hits your deep troll.
The orc priest hits your deep troll with a +0 dagger.
Your deep troll closely misses the orc priest.
Your deep troll barely misses the orc priest.
Your deep troll claws the orc priest!!
The orc priest dies!
Trog accepts your kill.
Nessos wields a +2 longbow of flaming.
It bursts into flame!
Nessos shoots an arrow.
The arrow barely misses you.
The orc warrior hits you with a +0 long sword!
* * * LOW HITPOINT WARNING * * *
The orc throws a boomerang.
The boomerang barely misses your deep troll.
You reflect the boomerang off an invisible shield around you!
The boomerang misses your deep troll.
The boomerang completely misses the orc.
Your deep troll bites the orc!!
The orc dies!
Trog accepts your kill.
Okay, then.
As you read the scroll of summoning, it crumbles to dust.
Wisps of shadow whirl around you...
Nessos says, "Even if you were a mare, I'd kill you!"
Nessos shoots an arrow.
The arrow hits you!
* * * LOW HITPOINT WARNING * * *
The arrow burns you!
You die...

....... ..
....... .##
..$.ยง... ##..##
......o.#o....#
....o..#.....##
...o.)o..o....##
.....oTOo......##
.#.oo.).@oh.....#
#.#.c..).......#
.<..#.)...h...##
...$..)).....##
..#...<.)))...#
........).#..##
........).....##
##.............##
##.$.......$...#


You could see Nessos, 2 orc warriors, an orc, a friendly orc high priest
(summoned), a friendly deep troll (summoned, berserk), 2 friendly wargs, 2
friendly orc warriors, a friendly ogre (summoned) and 5 friendly orcs.

Vanquished Creatures
  A stone giant (D:10)
  A boulder beetle (D:10)
  2 two-headed ogres
  Erica (D:8)
  A wizard (D:10)
  A wolf spider (D:10)
  An orc knight (D:10)
  A gargoyle (D:10)
  An unseen horror (D:10)
  4 trolls
  A hornet (D:10)
  A queen bee (D:10)
  Grinder (D:5)
  Prince Ribbit (D:5)
  2 wraiths (D:10)
  Sigmund (D:3)
  10 yaks
  7 vampire mosquitoes
  3 wargs
  Menkaure (D:7)
  2 acid dragons
  3 water moccasins
  3 ice beasts
  10 orc warriors
  A sky beast (D:5)
  7 ogres
  A necrophage (D:6)
  3 centaurs
  A phantom (D:6)
  4 kobold brigands
  A gnoll sergeant (D:10)
  3 bullfrogs
  10 scorpions
  A water moccasin zombie (D:6)
  A wyvern skeleton (D:7)
  20 killer bees
  A crimson imp (D:6)
  3 howler monkeys
  3 hounds
  A jelly (D:5)
  6 centaur zombies
  The ghost of Nausicaa the Changer, a weakling VSTm (D:3)
  2 bullfrog zombies (D:5)
  2 gnoll shamans (D:9)
  9 orc priests
  A bullfrog skeleton (D:5)
  2 centaur skeletons (D:5)
  3 iguanas
  16 orc wizards
  A howler monkey zombie (D:10)
  18 gnolls
  7 adders
  An ufetubus (D:7)
  3 adder skeletons
  4 worms
  A dart slug (D:2)
  44 orcs
  3 endoplasms
  4 giant cockroaches
  9 goblins
  12 hobgoblins
  3 jackals (D:1)
  10 quokkas
  6 ball pythons
  5 bats
  7 frilled lizards
  25 kobolds
  5 rats
  2 butterflies (D:7)
333 creatures vanquished.

Vanquished Creatures (collateral kills)
  An orc sorcerer (Orc:2)
  A warg (Orc:2)
  2 orc warriors (Orc:2)
  3 orc priests (Orc:2)
  2 orc wizards (Orc:2)
  4 orcs (Orc:2)
13 creatures vanquished.

Vanquished Creatures (others)
  26 fungi
  18 plants (D:9)
44 creatures vanquished.

Grand Total: 390 creatures vanquished

Notes
Turn   | Place    | Note
-------+----------+-------------------------------------------
     0 | D:1      | robertstho the Minotaur Berserker began the quest for the
                  | Orb.
     0 | D:1      | Reached XP level 1. HP: 19/19 MP: 0/0
   340 | D:1      | Reached XP level 2. HP: 27/27 MP: 1/1
   522 | D:1      | Reached skill level 4 in Axes
   549 | D:1      | Reached ** piety under Trog
   995 | D:2      | Reached XP level 3. HP: 34/34 MP: 2/2
  1145 | D:2      | Found a faded altar of an unknown god.
  1331 | D:2      | Reached XP level 4. HP: 41/41 MP: 3/3
  1622 | D:3      | Noticed Sigmund
  1630 | D:3      | Killed Sigmund
  1631 | D:3      | Reached skill level 5 in Fighting
  1631 | D:3      | Reached skill level 5 in Axes
  1631 | D:3      | Reached XP level 5. HP: 44/48 MP: 4/4
  1711 | D:3      | Reached XP level 6. HP: 55/57 MP: 5/5
  1746 | D:3      | Found a runed translucent gate.
  1749 | D:3      | Found a runed translucent gate.
  1753 | D:3      | Found a runed translucent gate.
  1754 | D:3      | Noticed Nausicaa's ghost (weakling VSTm)
  2261 | D:3      | Found a blossoming altar of Fedhas.
  2382 | D:3      | Killed Nausicaa's ghost
  2420 | D:4      | Reached *** piety under Trog
  2571 | D:4      | Reached skill level 6 in Axes
  2619 | D:4      | Reached skill level 1 in Stealth
  2664 | D:4      | Found a shimmering altar of Xom.
  2718 | D:4      | Found a large runed translucent door.
  2719 | D:4      | Found a large runed translucent door.
  2719 | D:4      | Found a corrupted altar of Lugonu.
  2908 | D:4      | Found a one-way gate to the infinite horrors of the Abyss.
  2957 | D:5      | Entered Level 5 of the Dungeon
  2965 | D:5      | Reached XP level 7. HP: 64/64 MP: 6/6
  3057 | D:5      | Found a staircase to the Ecumenical Temple.
  3061 | D:5      | Found Vaodecem's Jewellery Shop.
  3108 | D:5      | Reached skill level 7 in Axes
  3388 | D:5      | Found Laferr's Magic Scroll Emporium.
  3401 | D:5      | Reached XP level 8. HP: 44/73 MP: 7/7
  3425 | D:5      | Bought a scroll of teleportation for 33 gold pieces
  3425 | D:5      | Bought a scroll of identify for 22 gold pieces
  3425 | D:5      | Bought a scroll of fog for 22 gold pieces
  3425 | D:5      | Bought a scroll of identify for 22 gold pieces
  3425 | D:5      | Bought a scroll of identify for 22 gold pieces
  3425 | D:5      | Bought a scroll of identify for 22 gold pieces
  3425 | D:5      | Bought a scroll of enchant weapon for 82 gold pieces
  3425 | D:5      | Identified 3 scrolls of acquirement
  3429 | D:5      | Found Jaak's Jewellery Shoppe.
  3457 | D:5      | Noticed Grinder
  3457 | D:5      | Noticed Prince Ribbit
  3467 | D:5      | Reached skill level 5 in Armour
  3469 | D:5      | Killed Prince Ribbit
  3470 | D:5      | Reached skill level 8 in Axes
  3472 | D:5      | Killed Grinder
  3478 | D:5      | Identified the +8 long sword of Ejeelepn {protect, Str+10
                  | Stlth+}
  3554 | D:5      | Found a runed translucent gate.
  3554 | D:5      | Found a runed translucent gate.
  3554 | D:5      | Found a runed translucent gate.
  3679 | D:5      | Noticed Exaltedone87's ghost (novice PaFi)
  3733 | D:5      | Acquired the +6 battleaxe "Puarach" {holy, rElec Str+5}
  3735 | D:5      | Acquired the +8 frozen axe "Frostbite" {freezing cloud,
                  | *Noise Fly rC+}
  3736 | D:5      | Found the +8 frozen axe "Frostbite" {freezing cloud, *Noise
                  | Fly rC+}
  3737 | D:5      | Acquired the +1 pair of boots of the Unbroken {Slay+3}
  3823 | D:6      | Found Golecog's Mass Market.
  4041 | D:6      | Reached skill level 9 in Axes
  4063 | D:6      | Reached XP level 9. HP: 48/82 MP: 8/8
  4125 | D:6      | Reached **** piety under Trog
  4512 | D:6      | Found a radiant altar of Vehumet.
  4512 | D:6      | Found a burning altar of Makhleb.
  4644 | D:7      | Found a stormy altar of Qazlal.
  4718 | D:7      | Reached skill level 10 in Axes
  4790 | D:7      | Noticed Menkaure
  4794 | D:7      | Killed Menkaure
  4975 | D:7      | Found a runed translucent door.
  4977 | D:7      | Found a runed translucent door.
  5299 | D:7      | Reached skill level 11 in Axes
  5301 | D:7      | Reached ***** piety under Trog
  5348 | D:8      | Reached XP level 10. HP: 78/93 MP: 9/9
  5348 | D:8      | Noticed Erica
  5350 | D:8      | Reached skill level 10 in Fighting
  5351 | D:8      | Reached skill level 12 in Axes
  5353 | D:8      | Killed Erica
  5437 | D:8      | Reached skill level 5 in Dodging
  5926 | D:9      | Found a staircase to the Orcish Mines.
  6058 | D:9      | Noticed a two-headed ogre
  6061 | D:9      | Killed a two-headed ogre
  6062 | D:9      | Reached skill level 13 in Axes
  6087 | D:9      | Found a staircase to the Lair.
  6137 | D:9      | Received a gift from Trog
  6235 | D:9      | Found an ornate altar of the Wu Jian Council.
  6520 | D:10     | Entered Level 10 of the Dungeon
  6585 | D:10     | Reached XP level 11. HP: 102/102 MP: 10/10
  6586 | D:10     | Noticed a wizard
  6588 | D:10     | Killed a wizard
  6620 | D:10     | Noticed a wolf spider
  6625 | D:10     | Killed a wolf spider
  6626 | D:10     | Reached skill level 14 in Axes
  6667 | D:10     | Noticed an orc knight
  6670 | D:10     | Noticed a stone giant
  7193 | D:10     | Killed a stone giant
  7194 | D:10     | Noticed a two-headed ogre
  7196 | D:10     | Killed a two-headed ogre
  7197 | D:10     | Reached skill level 10 in Armour
  7260 | D:10     | Noticed a boulder beetle
  7267 | D:10     | Killed a boulder beetle
  7268 | D:10     | Reached skill level 15 in Axes
  7268 | D:10     | Reached ****** piety under Trog
  7333 | D:10     | Killed an orc knight
  7480 | D:10     | Reached XP level 12. HP: 113/113 MP: 11/11
  7908 | D:11     | Received a gift from Trog
  8357 | D:5      | Bought an amulet of reflection for 300 gold pieces
  8460 | Orc:1    | Entered Level 1 of the Orcish Mines
  8808 | Orc:2    | Entered Level 2 of the Orcish Mines
  8848 | Orc:2    | Noticed Nessos
  8850 | Orc:2    | HP: 3/115 [Nessos/arrow (17)]
  8850 | Orc:2    | Shot with an arrow by Nessos

Illustrated notes

Levels and vault maps discovered:
D:1:      dpeg_arrival_boxorama, layout_rooms
D:2:      layout_basic, chequers_ecumenical_altar_simple_redux,
          minmay_fractal_squares_5
D:3:      layout_basic, mainiacjoe_overflow_alcove_4, gammafunk_ghost_split,
          minmay_misc_feat_rows, hex_large, minmay_misc_feat_enclosed,
          glass_columns_a, uniq_sigmund
D:4:      due_chaos_kobolds, layout_rooms, xom_butterflies
D:5:      layout_loops_ring, minmay_temple_entry_offerings, gammafunk_ghost_icy,
          serial_shops, nicolae_shop_trees, nicolae_shop_window_shopping, shop,
          uniq_grinder, uniq_prince_ribbit1
D:6:      layout_gridville, grunt_temple_overflow_lords_of_destruction,
          minmay_shop_mass
D:7:      lemuel_insect_pit, layout_loops_ring, mainiacjoe_overflow_catwalk,
          uniq_menkaure
D:8:      layout_rooms, item_on_display_a, uniq_erica
D:9:      layout_loops_ring, lemuel_coloured_pillars_altar,
          grunt_lair_entry_orc_guard_hut, david_orc_3
D:10:     nzn_winding_woodlands_three_and_one [nzn_winding_woodlands_5x15_eye,
          nzn_winding_woodlands_5x15_longhouse,
          nzn_winding_woodlands_5x15_parted,
          nzn_winding_woodlands_center_lodge], layout_basic, minivault_7
D:11:     layout_irregular_city, serial_column_ruins,
          column_ruins_open_tiny_water, column_ruins_grid_2,
          column_ruins_corridor_corner, column_ruins_open_tiny,
          column_ruins_grid_1
Orc:1:    layout_caves
Orc:2:    st_orc_rangers, layout_caves, uniq_nessos

Skill      XL: |  1  2  3  4  5  6  7  8  9 10 11 12 |
---------------+-------------------------------------+-----
Fighting       | 4 5 6 7 8 9 11 12 13 | 13.1
Axes           | 4 5 6 7 9 11 13 15 | 15.5
Armour         | 3 4 6 7 8 10 11 | 11.1
Dodging        | 3 4 5 |  5.7
Stealth        | 1 2 |  2.6

Action                   |  1- 3 |  4- 6 |  7- 9 | 10-12 || total
-------------------------+-------+-------+-------+-------++-------
Melee: Hand axe          |    85 |    41 |       |       ||   126
       Headbutt          |    11 |    18 |    19 |    31 ||    79
       War axe           |       |    77 |    47 |       ||   124
       Executioner's axe |       |       |    74 |   212 ||   286
       Battleaxe         |       |       |     1 |       ||     1
Invok: Berserk           |     2 |     3 |     3 |     1 ||     9
       Trog's Hand       |       |     1 |       |     2 ||     3
       Brothers in Arms  |       |       |       |     1 ||     1
  Use: Scroll            |       |     1 |    13 |     8 ||    22
       Potion            |       |       |       |     3 ||     3
 Stab: Sleeping          |       |     2 |     3 |       ||     5
Armor: Animal skin       |    11 |    12 |    15 |       ||    38
       Chain mail        |       |       |    26 |   111 ||   137
Dodge: Dodged            |    60 |    70 |    87 |   176 ||   393
Block: Other             |       |       |       |     9 ||     9
       Reflection        |       |       |       |     3 ||     3

Table legend: (Time is in decaauts)
 A = Elapsed time spent in this place.
 B = Non-inter-level travel time spent in this place.
 C = Inter-level travel time spent in this place.
 D = Time resting spent in this place.
 E = Time spent auto-exploring this place.
 F = Levels seen in this place.
 G = Mean time per level.
                   A        B        C        D        E       F      G
               +--------+--------+--------+--------+--------+-----+--------+
         Total |   9064 |   8573 |    491 |    120 |   6928 |  13 |  697.2 |
       Dungeon |   8668 |   8193 |    475 |    120 |   6634 |  11 |  788.0 |
  Orcish Mines |    396 |    381 |     15 |      0 |    294 |   2 |  198.0 |
               +--------+--------+--------+--------+--------+-----+--------+

Top non-repeatable levels by time:
    D:10: 1187 daAuts
     D:1: 997 daAuts
     D:6: 923 daAuts
     D:3: 913 daAuts
     D:9: 858 daAuts
     D:5: 851 daAuts
     D:7: 817 daAuts
    D:11: 604 daAuts
     D:2: 563 daAuts
     D:4: 553 daAuts
     D:8: 398 daAuts
   Orc:1: 351 daAuts
   Orc:2: 44 daAuts
